Map: Bel'Shir Vestige LE (Void)

Players

TimeTwist

  • Race: Zerg Zerg
  • Spawn Location: 11:00

Loken - Winner!

  • Race: Protoss Protoss
  • League: Platinum
  • Spawn Location: 5:00

VOD

Have the link to the VOD?

Description

Time

  • Played on: March 15, 2017, 12:49 p.m.
  • Length: 13:27
Show
View Real Time Build Order
Export as new Build Order

TimeTwist Zerg 

Build Orders: Hatch First 

Get SALT Encoding   

  12  0:01  Drone  
  13  0:12  Overlord  
  13  0:17  Drone  
  14  0:30  Drone  
  14  0:31  Drone  
  14  0:34  Drone  
  17  0:45  Drone  
  18  0:57  Hatchery  
  17  1:11  Spawning Pool  
  16  1:13  Drone  
  16  1:18  Drone  
  18  1:24  Drone  
  19  1:36  Drone  
  20  1:56  Overlord  
  20  1:57  Queen, Extractor  
  21  2:01  Zergling x2  
  22  2:10  Zergling x2  
  22  2:12  Spine Crawler  
  22  2:23  Spine Crawler  
  19  2:38  Zergling x6  
  22  2:47  Overlord  
  22  2:49  Zergling x4  
  23  3:04  Drone  
  22  3:15  Queen  
  22  3:16  Drone  
  25  3:21  Drone x2  
  27  3:28  Drone  
  27  3:30  Drone  
  27  3:32  Drone  
  28  3:51  Zergling x6  
  31  3:56  Drone x2  
  31  3:57  Drone x2  
  31  3:58  Drone  
  36  4:07  Roach Warren  
  35  4:18  Drone  
  35  4:19  Overlord  
  36  4:25  Overlord  
  36  4:29  Overlord  
  36  4:55  Roach x4  
  36  4:56  Roach x3  
  50  5:02  Roach x4  
  58  5:15  Overlord  
  58  5:22  Lair, Overlord  
  58  5:23  Drone x2  
  59  5:41  Drone x4  
  59  5:42  Drone x2  
  65  5:44  Queen  
  66  6:10  Roach  
  66  6:11  Roach x4  
  67  6:34  Zergling x2  
  67  6:35  Zergling x4  
  58  6:51  Drone x4  
  60  6:55  Metabolic Boost  
  60  7:00  Hatchery  
  59  7:08  Spore Crawler  
  58  7:17  Extractor, Spore Crawler  
  58  7:18  Queen, Drone x3  
  58  7:19  Extractor  
  57  7:23  Hatchery  
  56  7:30  Queen  
  56  7:31  Drone  
  56  7:32  Drone x5  
  62  7:42  Overlord  
  62  7:43  Drone x2  
  64  7:54  Queen  
  66  8:02  Drone  
  67  8:13  Extractor  
  67  8:18  Zergling x10  
  73  8:27  Roach x2  
  73  8:30  Queen  
  73  8:33  Roach x5  
  86  8:35  Glial Reconstitution  
  86  8:41  Overlord x3  
  86  8:47  Overlord x3  
  86  8:48  Overlord  
  86  8:59  Queen  
  86  9:02  Overseer  
  88  9:05  Queen  
  88  9:08  Zergling x6  
  88  9:09  Zergling x14  
  101  9:10  Zergling x6  
  103  9:19  Hydralisk Den  
  102  9:41  Drone x2  
  100  9:58  Drone x2  
  102  10:10  Muscular Augments  
  102  10:11  Hydralisk x7  
  102  10:12  Hydralisk x5  
  126  10:20  Drone x4  
  130  10:22  Spore Crawler  
  130  10:27  Spore Crawler  
  128  10:38  Evolution Chamber  
  128  10:39  Evolution Chamber  
  126  10:53  Drone  
  126  10:54  Drone  
  126  10:55  Extractor, Overlord  
  126  10:56  Overlord x2  
  127  10:57  Extractor  
  127  10:58  Overlord x2  
  95  11:13  Roach  
  95  11:14  Roach x7  
  95  11:15  Roach x6, Hydralisk x3  
  95  11:16  Hydralisk  
  95  11:17  Hatchery  
  112  11:19  Hydralisk  
  80  11:48  Hydralisk x2  
  80  11:49  Hydralisk x6  
  96  12:03  Spore Crawler  
  96  12:05  Spore Crawler  
  94  12:10  Roach  
  94  12:11  Roach x2  
  92  12:30  Drone  
  92  12:34  Queen  
  95  12:46  Spore Crawler  
  95  12:49  Hydralisk x3  
  95  12:50  Hydralisk x3  
  106  13:17  Hatchery  
Show
View Real Time Build Order
Export as new Build Order

Loken Protoss - Winner!

Build Orders:  

Get SALT Encoding   

  12  0:01  Probe (Chrono Boost)  
  13  0:12  Probe (Chrono Boost)  
  14  0:23  Pylon  
  14  0:29  Probe (Chrono Boost)  
  15  0:41  Probe (Chrono Boost)  
  16  0:52  Probe (Chrono Boost)  
  17  1:07  Nexus  
  17  1:15  Pylon  
  17  1:22  Forge  
  17  1:24  Probe (Chrono Boost)  
  18  1:42  Gateway  
  18  1:56  Photon Cannon  
  18  1:59  Photon Cannon  
  18  2:04  Pylon  
  18  2:13  Photon Cannon  
  18  2:22  Probe (Chrono Boost)  
  19  2:24  Probe (Chrono Boost)  
  20  2:33  Probe (Chrono Boost)  
  21  2:43  Probe (Chrono Boost)  
  22  2:52  Gateway  
  22  2:57  Probe x2 (Chrono Boost)  
  24  3:00  Assimilator  
  24  3:05  Assimilator  
  24  3:08  Probe x2 (Chrono Boost)  
  24  3:09  Photon Cannon  
  26  3:13  Pylon  
  26  3:18  Probe (Chrono Boost)  
  26  3:19  Probe (Chrono Boost)  
  28  3:25  Photon Cannon  
  28  3:29  Probe (Chrono Boost)  
  29  3:50  Cybernetics Core, Zealot x2  
  29  3:55  Probe (Chrono Boost)  
  34  3:58  Probe (Chrono Boost)  
  35  4:06  Pylon, Probe (Chrono Boost)  
  35  4:08  Probe (Chrono Boost)  
  37  4:16  Assimilator  
  37  4:17  Warp Gate  
  37  4:18  Assimilator, Probe (Chrono Boost)  
  37  4:19  Probe (Chrono Boost)  
  39  4:29  Probe (Chrono Boost)  
  40  4:35  Probe (Chrono Boost)  
  41  4:39  Probe (Chrono Boost)  
  41  4:41  Stargate  
  43  4:47  Probe (Chrono Boost)  
  43  4:49  Stalker  
  43  4:50  Zealot, Probe (Chrono Boost)  
  48  4:59  Probe (Chrono Boost)  
  49  5:00  Probe (Chrono Boost)  
  49  5:03  Gateway  
  49  5:04  Gateway  
  49  5:06  Gateway  
  50  5:11  Probe x2 (Chrono Boost)  
  52  5:17  Stalker  
  54  5:25  Pylon  
  54  5:28  Pylon  
  54  5:33  Pylon  
  54  5:36  Pylon  
  54  5:38  Oracle  
  54  5:43  Stalker, Probe (Chrono Boost)  
  54  5:47  Stalker  
  62  5:53  Probe (Chrono Boost)  
  63  6:00  Twilight Council  
  60  6:04  Probe (Chrono Boost)  
  60  6:06  Robotics Facility  
  60  6:09  Oracle  
  57  6:22  Stalker x2  
  57  6:23  Stalker  
  54  6:33  Stalker x2  
  54  6:43  Probe (Chrono Boost)  
  54  6:45  Probe (Chrono Boost)  
  54  6:50  Stalker x2  
  54  6:51  Stalker  
  54  6:54  Probe (Chrono Boost)  
  61  6:57  Probe (Chrono Boost)  
  62  7:02  Pylon  
  62  7:04  Probe (Chrono Boost)  
  62  7:08  Pylon  
  64  7:09  Probe (Chrono Boost)  
  64  7:15  Probe (Chrono Boost)  
  65  7:21  Probe (Chrono Boost)  
  60  7:38  Stalker x3  
  60  7:39  Stalker x2  
  70  7:57  Nexus  
  70  8:05  Protoss Ground Weapons Level 1  
  70  8:06  Stalker x3  
  70  8:07  Stalker x2, Phoenix  
  82  8:14  Observer  
  83  8:25  Pylon  
  83  8:27  Pylon  
  83  8:31  Pylon  
  83  8:37  Phoenix  
  85  8:52  Stalker x4  
  85  8:53  Stalker  
  95  9:02  Gateway  
  95  9:04  Gateway  
  95  9:06  Gateway  
  95  9:08  Photon Cannon  
  95  9:09  Photon Cannon  
  95  9:11  Photon Cannon  
  95  9:19  Probe (Chrono Boost)  
  96  9:24  Assimilator  
  96  9:26  Assimilator  
  96  9:28  Pylon  
  96  9:30  Pylon, Probe (Chrono Boost)  
  97  9:38  Phoenix  
  99  9:55  Zealot x5  
  113  10:00  Phoenix, Immortal  
  113  10:05  Twilight Council  
  115  10:08  Robotics Bay  
  115  10:16  Probe (Chrono Boost)  
  116  10:22  Zealot x2  
  116  10:23  Zealot  
  116  10:27  Probe (Chrono Boost)  
  123  10:37  Probe (Chrono Boost)  
  124  10:45  Sentry x4  
  124  10:46  Sentry x4  
  124  10:48  Probe (Chrono Boost)  
  141  10:58  Probe (Chrono Boost)  
  100  11:23  Stalker x2  
  100  11:24  Stalker x4  
  104  12:10  Stalker x4  
  104  12:11  Stalker x3  
  116  12:48  Adept x3  
  116  12:49  Adept x5  
Tags
 
Add a new tag
Caveats
  • Supply blocks, unpowered buildings, or Contaminate may cause inaccurate times.
  • Supply counts are checked every 10 seconds.